 Dungeon Crawl Stone Soup version 0.18-a0-962-gae6beb5 (webtiles) character file.

66 Sodium1970 the Shield-Bearer (level 4, -4/35 HPs)
             Began as a Human Fighter on Dec 31, 2015.
             Was an Initiate of Okawaru.
             Slain by Sigmund
             ... wielding a +0 scythe
              (5 damage)
             ... on level 2 of the Dungeon.
             The game lasted 00:04:27 (1321 turns).

Sodium1970 the Shield-Bearer (Human Fighter)        Turns: 1321, Time: 00:04:27

Health: -4/35      AC:  8    Str: 18    XL:     4   Next: 37%
Magic:  4/4        EV:  7    Int:  8    God:    Okawaru [......]
Gold:   51         SH:  9    Dex: 12    Spells: 0 memorised, 3 levels left

rFire  . . .     SeeInvis .     a - +0 long sword
rCold  . . .     Gourm    .     b - +0 scale mail
rNeg   . . .     Faith    .     c - +0 shield
rPois  .         Spirit   .     (no helmet)
rElec  .         Dismiss  .     (no cloak)
rCorr  .         Reflect  .     n - +0 pair of gloves
SustAt .         Harm     .     (no boots)
MR     .....                    (no amulet)
Stlth  ..........               (no ring)
                                (no ring)

@: not resistant to hostile enchantments, extremely unstealthy
A: no striking features
a: Renounce Religion


You were on level 2 of the Dungeon.
You worshipped Okawaru.
Okawaru was noncommittal.
You were not hungry.

You visited 1 branch of the dungeon, and saw 2 of its levels.

You collected 51 gold pieces.

Inventory:

Hand Weapons
 a - a +0 long sword (weapon)
Armour
 b - a +0 scale mail (worn)
 c - a +0 shield (worn)
 n - a +0 pair of gloves (worn)
Scrolls
 h - a scroll of random uselessness {unknown}
 l - a scroll of magic mapping {unknown}
 m - a scroll of recharging {unknown}
 o - a scroll of fear {unknown}
Potions
 d - a potion of might
 e - a potion of curing
 j - a potion of flight {unknown}
 k - a potion of lignification {unknown}
Comestibles
 g - a slice of pizza
 i - 3 fruits
 p - a beef jerky


   Skills:
 + Level 3.5 Fighting
 + Level 2.3 Long Blades
 + Level 3.4 Armour
 + Level 1.0 Dodging
 + Level 3.7 Shields


You had 3 spell levels left.
You didn't know any spells.

Dungeon Overview and Level Annotations

Branches:
Dungeon (2/15)

Altars:
Okawaru

Annotations:
D:2 Sigmund


Message History

Sigmund casts a spell at you. The magic dart hits you!
Sigmund points at you and mumbles some strange words.
You are confused.
You bump into the rock wall.
Sigmund hits you with a scythe!
* * * LOW HITPOINT WARNING * * *
You closely miss Sigmund. Sigmund hits you but does no damage.
You hit Sigmund.
Sigmund is lightly wounded.
Sigmund hits you but does no damage.
You bump into the rock wall.
Your shield and scale mail prevent you from hitting Sigmund.
Sigmund is lightly wounded.
You feel less confused. Sigmund hits you with a scythe!
* * * LOW HITPOINT WARNING * * *
You closely miss Sigmund.
Sigmund is lightly wounded.
Sigmund hits you with a scythe.
You die...

## ## .......
#.##########
........
.#.........#
........#
#..#.######.######
....... .##.##@#
#((((((## .......
#... #@# #.####((#
...!...#.#.# #.#
#.# ##'###
........##.###.#
#.####≈.≈.#
......†...†@...#
#.#.#.≈.≈##
##.#######†#####
#...##≈.≈.# ###.#
#...#.≈(≈## ..#.#
##..##≈.≈.# #.#@#
##.#.≈.≈##


You could see Sigmund.

Vanquished Creatures
  2 gnolls (D:2)
  An ooze (D:1)
  A worm (D:2)
  2 giant geckos (D:1)
  A ball python (D:1)
  3 giant cockroaches
  2 goblins (D:1)
  3 hobgoblins (D:2)
  3 jackals (D:2)
  10 bats
  6 kobolds
  2 rats
36 creatures vanquished.

Notes
Turn   | Place    | Note
--------------------------------------------------------------
     0 | D:1      | Sodium1970 the Human Fighter began the quest for the Orb.
     0 | D:1      | Reached XP level 1. HP: 18/18 MP: 1/1
   359 | D:1      | Reached XP level 2. HP: 24/24 MP: 2/2
   670 | D:1      | Reached XP level 3. HP: 27/29 MP: 3/3
  1056 | D:2      | Noticed Sigmund
  1095 | D:1      | You fall through a shaft!
  1132 | D:2      | Reached XP level 4. HP: 26/35 MP: 4/4
  1154 | D:2      | Found an iron altar of Okawaru.
  1164 | D:2      | Became a worshipper of Warmaster Okawaru
  1262 | D:2      | Reached skill level 1 in Dodging
  1320 | D:2      | HP: 1/35 [Sigmund/scythe (7)]
  1321 | D:2      | Slain by Sigmund

Vault maps used:
D:1:      elethiomel_arrival_quiet
D:2:      overflow_temple_1_default, okawaru_altar_gauntlet_db, uniq_sigmund

Action                   |  1- 3 |  4- 6 || total
-------------------------+-------+-------++-------
Melee: Long sword        |   111 |    48 ||   159
  Use: Potion            |       |     1 ||     1
  Eat: Bread ration      |     1 |       ||     1
